 Dungeon Crawl Stone Soup version 0.21.1-1-g345015f (webtiles) character file.

166 Clueless the Charmwright (level 5, -1/35 HPs)
             Began as a Halfling Skald on Apr 1, 2018.
             Slain by an orc priest
             ... wielding a +0 flail
              (9 damage)
             ... on level 3 of the Dungeon.
             The game lasted 00:06:03 (2790 turns).

Clueless the Charmwright (Halfling Skald)           Turns: 2790, Time: 00:06:03

Health: -1/35      AC:  3    Str: 12    XL:     5   Next: 76%
Magic:  4/8        EV: 14    Int: 12    God:
Gold:   97         SH:  0    Dex: 14    Spells: 2/8 levels left

rFire    . . .     SeeInvis .   a - +0 short sword
rCold    . . .     Gourm    .   (shield restricted)
rNeg     . . .     Faith    .   b - +0 leather armour
rPois    .         Spirit   .   (no helmet)
rElec    .         Reflect  .   (no cloak)
rCorr    .         Harm     +   (no gloves)
MR       .....                  (no boots)
Stlth    +.........             s - amulet of harm
HPRegen  0.11/turn              (no ring)
MPRegen  0.11/turn              (no ring)

@: infused
A: small, mutation resistance 1
a: no special abilities


You were on level 3 of the Dungeon.
You were hungry.

You visited 1 branch of the dungeon, and saw 3 of its levels.

You collected 97 gold pieces.

Inventory:

Hand Weapons
 a - a +0 short sword (weapon)
 k - a +2 whip of venom
Missiles
 o - a throwing net (quivered)
Armour
 b - a +0 leather armour (worn)
Jewellery
 s - an amulet of harm (around neck)
Scrolls
 e - a scroll of enchant armour {unknown}
 g - a scroll of remove curse {unknown}
 i - 2 scrolls of teleportation {unknown}
 j - 3 scrolls of identify {unknown}
 n - 2 scrolls of fog {unknown}
 q - a scroll of magic mapping {unknown}
 r - a scroll of noise {unknown}
 u - a scroll of blinking {unknown}
 w - a scroll of fear {unknown}
Potions
 f - a potion of curing {unknown}
 h - a potion of degeneration {unknown}
 l - a potion of heal wounds {unknown}
 m - a potion of agility {unknown}
 p - a potion of mutation {unknown}
 t - a potion of berserk rage {unknown}
 v - a potion of might {unknown}
Books
 c - a book of Battle

   Spells                             Type                      Level
   a - Infusion                       Charms                       1
   b - Shroud of Golubria             Charms/Translocation         2
   c - Song of Slaying                Charms                       2
   d - Spectral Weapon                Hexes/Charms                 3
   e - Regeneration                   Charms/Necromancy            3
Comestibles
 d - 3 rations
 x - 2 chunks of flesh


   Skills:
 + Level 2.3 Fighting
 + Level 3.2 Short Blades
 * Level 3.1 Armour
 - Level 2.1 Dodging
 + Level 2.1 Spellcasting
 * Level 4.5 Charms


You had 2 spell levels left.
You knew the following spells:

 Your Spells              Type           Power        Failure   Level  Hunger
a - Infusion              Chrm           ##..         5%          1    ##.....
b - Shroud of Golubria    Chrm/Tloc      #.........   21%         2    ###....
c - Spectral Weapon       Hex/Chrm       #.......     38%         3    ####...


Dungeon Overview and Level Annotations

Branches:
Dungeon (3/15)

Altars:


Innate Abilities, Weirdness & Mutations

You are small and have problems with some larger weapons.
You are somewhat resistant to further mutation.


Message History

Your spectral weapon hits the orc priest.
You kill the orc priest!
Your Armour skill increases to level 3!
An orc comes into view.
The orc shouts!
The orc hits you with a flail!
Things that are here:
a club; a leather armour You completely miss the orc.
The orc priest invokes the aid of Beogh against you.
Beogh smites you!
* * * LOW HITPOINT WARNING * * *
You closely miss the orc. The orc misses you.
You closely miss the orc. The orc priest hits you with a flail.
* * * LOW HITPOINT WARNING * * *
The orc barely misses you.
You closely miss the orc.
Your spectral weapon hits the orc.
The orc priest hits you with a flail!
You die...

...########....#.#.#...<.......
..........<....#.#.####.#.#####
...............#.#.#....#.#
....####...##..#.#.#.####.#
.......'...+..>#....[.....
.....###...###.#........#
###..# #...# .#........# #..#
#...# .#o((.....# #..# #...#
.#@#'###### #..# ##### #o#.#
#..# #o#.# #..# #.#.# #w#.#
#..# #.#.# #..# #.#.# #..#
..#.# #..# #.#


You could see an orc priest, a dart slug, 2 orcs and a friendly spectral short
sword.

Vanquished Creatures
  An orc priest (D:3)
  An orc wizard (D:3)
  5 adders (D:2)
  An ooze (D:2)
  A worm (D:2)
  A dart slug (D:2)
  3 leopard geckos (D:2)
  3 orcs (D:3)
  3 giant cockroaches
  6 goblins
  5 hobgoblins
  3 jackals (D:3)
  A ball python (D:3)
  6 bats (D:2)
  3 frilled lizards
  A kobold (D:2)
  6 rats
50 creatures vanquished.

Notes
Turn   | Place    | Note
-------+----------+-------------------------------------------
     0 | D:1      | Clueless the Halfling Skald began the quest for the Orb.
     0 | D:1      | Reached XP level 1. HP: 14/14 MP: 3/3
   622 | D:2      | Reached XP level 2. HP: 19/19 MP: 4/4
   626 | D:2      | Learned a level 2 spell: Shroud of Golubria
   784 | D:2      | Reached XP level 3. HP: 22/24 MP: 2/5
  1166 | D:2      | Reached XP level 4. HP: 15/29 MP: 1/6
  1360 | D:2      | Reached skill level 4 in Charms
  1655 | D:2      | Learned a level 3 spell: Spectral Weapon
  2543 | D:3      | Reached XP level 5. HP: 34/34 MP: 8/8
  2790 | D:3      | Slain by an orc priest

Skill      XL: |  1  2  3  4  5 |
---------------+----------------+-----
Fighting       | 2 |  2.3
Armour         | 2 3 |  3.1
Charms         | 4 |  4.5
Short Blades   | 3 |  3.2
Spellcasting   | 2 |  2.1
Dodging        | |  2.1

Action                   |  1- 3 |  4- 6 || total
-------------------------+-------+-------++-------
Melee: Short sword       |    76 |   128 ||   204
 Cast: Infusion          |     4 |     6 ||    10
       Spectral Weapon   |       |     1 ||     1
 Stab: Sleeping          |     2 |       ||     2
  Eat: Chunk             |     1 |     5 ||     6
Armor: Leather armour    |    28 |    19 ||    47
Dodge: Dodged            |    60 |    94 ||   154
